 Dungeon Crawl Stone Soup version 0.28-a0-21-gf74fda84f9 (webtiles) character file.

Game seed: 15672051118969816628

749 robertstho the Chopper (level 8, -4/91 HPs)
             Began as a Formicid Fighter on July 26, 2021.
             Slain by an orc priest (6 damage)
             ... on level 5 of the Dungeon.
             The game lasted 00:05:57 (4485 turns).

robertstho the Chopper (Formicid Fighter)           Turns: 4485, Time: 00:05:58

Health: -4/91      AC: 24    Str: 24    XL:     8   Next: 6%
Magic:  8/8        EV:  2    Int:  7    God:
Gold:   148        SH: 10    Dex: 10    Spells: 7/7 levels left

rFire   . . .      SeeInvis .   a - +0 war axe
rCold   . . .      Faith    .   c - +0 kite shield
rNeg    + + +      Spirit   .   (armour currently unavailable)
rPois   +          Reflect  .   (helmet unavailable)
rElec   .          Harm     .   (cloak currently unavailable)
rCorr   .          Rampage  .   (gloves currently unavailable)
Will    .....                   (boots currently unavailable)
Stlth   ++........              (no amulet)
HPRegen 0.25/turn               (no ring)
MPRegen 0.11/turn               (no ring)

@: mighty, lethally poisoned (-4 -> -6), tree-form
A: stationary, stasis, torment immunity, boosted hp, permanent stasis, dig
shafts and tunnels, (antennae 3), four strong arms
a: no special abilities


You were on level 5 of the Dungeon.
You were a tree.
You visited 1 branch of the dungeon, and saw 5 of its levels.

You collected 239 gold pieces.
You spent 91 gold pieces at shops.

Inventory:

Hand Weapons
 a - a +0 war axe (weapon)
Armour
 b - a +0 pair of gloves (melded)
 c - a +0 kite shield (worn)
 j - a +3 chain mail of poison resistance (melded)
Scrolls
 e - a scroll of teleportation {unknown}
 h - a scroll of fog {unknown}
 m - a scroll of silence {unknown}
 n - a scroll of summoning {unknown}
Potions
 f - a potion of resistance
 i - a potion of brilliance


   Skills:
 * Level 4.9 Fighting
 + Level 5.2 Axes
 * Level 5.1 Armour
 + Level 0.5 Dodging
 * Level 3.9 Stealth
 + Level 5.0 Shields


You had 7 spell levels left.
You didn't know any spells.
Your spell library contained the following spells:

 Spells                   Type           Power      Damage    Failure   Level
 Magic Dart               Conj           0%         1d3       73%         1
 Searing Ray              Conj           0%         3d3       86%         2
 Fulminant Prism          Conj/Hex       0%         3d6       100%        4


Dungeon Overview and Level Annotations

Branches:
Dungeon (5/15)
 Temple: D:4-7

Altars:
Ru

Shops:
D:3 [?*[=


Innate Abilities, Weirdness & Mutations

You are a tree.
Your roots penetrate the ground, keeping you stationary.
You cannot be teleported.
You are immune to unholy pain and torment.
Your maximum health is greatly increased.
Your equipment is partially melded.
You cannot be hasted, slowed, berserked, paralysed or teleported.
You can dig through walls and to a lower floor.
((You have a pair of large antennae on your head. (SInv)))
Your four strong arms can wield two-handed weapons with a shield.


Message History

You feel clever all of a sudden.
You feel very sick. The water moccasin bites you!
* * * LOW HITPOINT WARNING * * *
It was a potion of cancellation.
Your magical effects are unravelling.
You feel magically purged.
You feel a little less clever now.
You feel very sick.
The water moccasin bites you but does no damage.
The water moccasin barely misses you.
You feel very mighty all of a sudden.
You feel sick.
An ogre comes into view. It is wielding a +0 giant club.
You block the water moccasin's attack.
Really quaff the potion of lignification?
Okay, then.
Really quaff the potion of lignification?
You turn into a tree.
Your +0 pair of gloves melds into your body.
Your +3 chain mail of poison resistance melds into your body.
You no longer feel resistant to poison.
Your roots penetrate the ground.
You feel sick. You block the water moccasin's attack.
The water moccasin bites you!
* * * LOW HITPOINT WARNING * * *
Okay, then.
You closely miss the water moccasin. You slash the orc!
You kill the orc!
You feel sick. The water moccasin bites you.
* * * LOW HITPOINT WARNING * * *
Unknown command.
The ogre shouts!
You slash the orc priest!
The orc priest is heavily wounded.
You hit the water moccasin.
* * * LOW HITPOINT WARNING * * *
You feel sick. You block the water moccasin's attack.
The water moccasin bites you but does no damage.
The orc priest hits you with a +0 war axe.
You die...

...#...##.#.............,,,,,,,,*
...#...##.#.............,,,,,,,,*
.......................,,,,,**,,*
,,......#...#..#..#..#,***,,,*,,*
,,...................#,* *,,,*,,*
,,......#.........#..#,* *,,,,,,*
,*.#........#.##c##*,*,* *,*,,,,*
,,......).....##S# *,*,* *,*,,,,*
**.#..###......#♣#**,*,***,**,,,*
**,#..,......?.o.......#*,,**,,,*
,,,,,,,.......O#####..$.,,,,,,>,*
,,,,,,*,...#...****,,,..,,,,,,,,*
,,,,,,,,,,....,,,,,,,,,,,,,,,,,,,
,,,,,,*,*.....,,,,,,,,,,,,***,,,,
,,,,,,*,*.###,,****,*,***,,,,,,8,
,,,,,,*,*,* *,,* *,*,,,,,,*,,,,,
,,,,,,,,*,* *,,****,,,,,,,,**,,,,


You could see a water moccasin, an ogre, a centaur and an orc priest.

Vanquished Creatures
  Sigmund (D:4)
  An ice beast (D:5)
  A necrophage (D:4)
  2 phantoms
  Blork the orc (D:5)
  A hound (D:5)
  An iguana (D:5)
  Robin (D:4)
  2 adders
  2 white imps
  An adder skeleton (D:5)
  3 worms
  2 dart slugs
  7 orcs
  7 ball pythons
  2 bats
  4 endoplasms
  4 giant cockroaches
  13 goblins
  7 hobgoblins
  14 jackals
  4 quokkas
  6 frilled lizards
  8 kobolds
  3 rats
98 creatures vanquished.

Vanquished Creatures (others)
  A withered plant (D:5)
1 creature vanquished.

Grand Total: 99 creatures vanquished

Notes
Turn   | Place    | Note
-------+----------+-------------------------------------------
     0 | D:1      | robertstho the Formicid Fighter began the quest for the
                  | Orb.
     0 | D:1      | Reached XP level 1. HP: 18/18 MP: 1/1
   312 | D:1      | Reached XP level 2. HP: 15/24 MP: 2/2
   757 | D:1      | Reached XP level 3. HP: 26/29 MP: 3/3
  1393 | D:2      | Found a faded altar of an unknown god.
  1794 | D:2      | Reached XP level 4. HP: 34/37 MP: 4/4
  2029 | D:3      | Found Riaffuot's Magic Scroll Emporium.
  2032 | D:3      | Found Laufaus's Assorted Antiques.
  2037 | D:3      | Bought a scroll of magic mapping for 49 gold pieces
  2037 | D:3      | Bought a scroll of noise for 14 gold pieces
  2037 | D:3      | Bought a scroll of identify for 28 gold pieces
  2185 | D:3      | Found Plog's Antique Armour Emporium.
  2366 | D:3      | Found Womifiv's Jewellery Shop.
  2484 | D:3      | Reached skill level 1 in Stealth
  2553 | D:3      | Found Werriorgh's Armour Emporium.
  2590 | D:3      | Found a sacrificial altar of Ru.
  2911 | D:4      | Noticed Sigmund
  2930 | D:4      | Killed Sigmund
  2931 | D:4      | Reached XP level 5. HP: 27/42 MP: 5/5
  2931 | D:4      | Reached XP level 6. HP: 31/48 MP: 6/6
  3369 | D:4      | Noticed Robin
  3383 | D:4      | Killed Robin
  3594 | D:4      | Noticed a necrophage
  3602 | D:4      | Killed a necrophage
  3603 | D:4      | Reached XP level 7. HP: 55/55 MP: 7/7
  4210 | D:5      | Entered Level 5 of the Dungeon
  4310 | D:5      | Noticed Blork the orc
  4322 | D:5      | Killed Blork the orc
  4323 | D:5      | Reached skill level 5 in Armour
  4421 | D:5      | Reached skill level 5 in Axes
  4421 | D:5      | Reached skill level 5 in Shields
  4421 | D:5      | Reached XP level 8. HP: 26/61 MP: 8/8
  4484 | D:5      | HP: 3/91 [water moccasin (3)]
  4485 | D:5      | Slain by an orc priest

Illustrated notes

Levels and vault maps discovered:
D:1:      dpeg_arrival_houses_and_road, layout_basic
D:2:      layout_basic, basic_ecumenical_altar, dk_noncrumbling_4
D:3:      layout_basic, lemuel_coloured_pillars_altar, serial_shops, shop,
          nicolae_shop_overgrown_old_shop, shop, shop_statue,
          nicolae_square_shop, item_on_display_a
D:4:      layout_basic, minmay_stone_trees_small, uniq_robin, uniq_sigmund
D:5:      layout_basic, enter_ossuary_4, serial_undead, serial_undead_e,
          serial_undead_f, serial_undead_e, serial_undead_d,
          hangedman_minor_gate_pass, uniq_blork_the_orc

Skill      XL: |  1  2  3  4  5  6  7 |
---------------+----------------------+-----
Shields        | 4 5 |  5.0
Stealth        | 2 3 |  3.9
Fighting       | 4 |  4.9
Axes           | 3 4 5 |  5.2
Armour         | 4 5 |  5.1
Dodging        | |  0.5

Action                   |  1- 3 |  4- 6 |  7- 9 || total
-------------------------+-------+-------+-------++-------
Melee: War axe           |   121 |   128 |    71 ||   320
  Use: Scroll            |       |     4 |     1 ||     5
       Potion            |       |       |     4 ||     4
Armor: Scale mail        |    43 |       |       ||    43
       Plate armour      |    27 |       |       ||    27
       Chain mail        |       |    97 |    45 ||   142
       Skin              |       |       |     1 ||     1
Dodge: Dodged            |    47 |    37 |    18 ||   102
Block: Kite shield       |    74 |    93 |    40 ||   207

Table legend: (Time is in decaauts)
 A = Elapsed time spent in this place.
 B = Non-inter-level travel time spent in this place.
 C = Inter-level travel time spent in this place.
 D = Time resting spent in this place.
 E = Time spent auto-exploring this place.
 F = Levels seen in this place.
 G = Mean time per level.
                   A        B        C        D        E       F      G
               +--------+--------+--------+--------+--------+-----+--------+
         Total |   4645 |   4538 |    107 |      0 |   3719 |   5 |  929.0 |
       Dungeon |   4645 |   4538 |    107 |      0 |   3719 |   5 |  929.0 |
               +--------+--------+--------+--------+--------+-----+--------+

Top non-repeatable levels by time:
     D:1: 1439 daAuts
     D:4: 1341 daAuts
     D:3: 965 daAuts
     D:2: 601 daAuts
     D:5: 297 daAuts
